 Dungeon Crawl Stone Soup version 0.29.1-1-gd02db6906a (webtiles) character file.

Game seed: 13609830697795342961

407 Ashen the Chiller (level 6, 46/46 HPs)
             Began as a Demonspawn Ice Elementalist on Sept 20, 2022.
             Got out of the dungeon alive.
             The game lasted 00:07:15 (3963 turns).

Ashen the Chiller (Demonspawn Ice Elementalist)     Turns: 3963, Time: 00:07:15

Health: 46/46      AC: 14    Str:  9    XL:     6   Next: 57%
Magic:  11/11      EV: 12    Int: 18    God:
Gold:   173        SH:  0    Dex: 13    Spells: 10/11 levels left

rFire   . . .      SeeInvis +   o - +1 dagger (venom)
rCold   . . .      Faith    .   (no shield)
rNeg    . . .      Spirit   .   w - +0 leather armour
rPois   .          Reflect  .   s - +2 helmet {SInv}
rElec   .          Harm     .   y - +1 cloak
rCorr   .          Rampage  .   (no gloves)
Will    .....                   (no boots)
Stlth   ++........              (no amulet)
HPRegen 0.15/turn               B - +4 ring of protection
MPRegen 0.12/turn               (no ring)

@: no status effects
A: slimy green scales 1, demonic guardian 1, spiny 1, demonic touch 1
a: no special abilities


You escaped.
You visited 1 branch of the dungeon, and saw 4 of its levels.

You collected 173 gold pieces.

Inventory:

Hand Weapons
 d - a +2 rapier of draining
 o - a +1 dagger of venom (weapon)
 q - a +2 whip of electrocution
Armour
 s - a +2 helmet of see invisible (worn)
 w - a +0 leather armour (worn)
 y - a +1 cloak (worn)
Jewellery
 B - a +4 ring of protection (left hand)
Scrolls
 c - a scroll of enchant weapon {unknown}
 g - a scroll of butterflies {unknown}
 j - a scroll of immolation {unknown}
 k - a scroll of torment {unknown}
 l - 3 scrolls of fear {unknown}
 n - 2 scrolls of blinking {unknown}
 p - 2 scrolls of teleportation {unknown}
 r - 2 scrolls of amnesia {unknown}
 u - 2 scrolls of silence {unknown}
 v - a scroll of noise {unknown}
 z - a scroll of brand weapon {unknown}
 A - 2 scrolls of identify {unknown}
 D - 2 scrolls of enchant armour {unknown}
Potions
 a - 3 potions of attraction
 b - 2 potions of magic
 e - a potion of might {unknown}
 f - a potion of experience {unknown}
 h - 2 potions of lignification
 i - 2 potions of invisibility {unknown}
 m - 5 potions of curing
 t - a potion of ambrosia {unknown}
 x - a potion of degeneration {unknown}
 C - a potion of heal wounds {unknown}
 E - 2 potions of haste {unknown}


   Skills:
 + Level 2.6 Fighting
 + Level 3.2 Dodging
 + Level 3.4 Stealth
 + Level 3.3 Spellcasting
 + Level 4.5 Ice Magic


You had 10 spell levels left.
You knew the following spells:

 Your Spells              Type           Power      Damage    Failure   Level
a - Freeze                Ice            76%        1d9       3%          1

Your spell library contained the following spells:

 Spells                   Type           Power      Damage    Failure   Level
 Frozen Ramparts          Ice            38%        1d6       11%         3
 Ozocubu's Armour         Ice            19%        N/A       11%         3
 Ignite Poison            Fire/Tmut/Pois 3%         N/A       54%         3
 Mephitic Cloud           Conj/Pois/Air  3%         N/A       54%         3
 Hailstorm                Conj/Ice       11%        3d5       65%         4
 Freezing Cloud           Conj/Ice/Air   4%         6-21      97%         5


Dungeon Overview and Level Annotations

Branches:
Dungeon (4/15)
 Temple: D:4-7

Altars:
Nemelex Xobeh
Sif Muna

Annotations:
D:3 3 runed translucent doors, Manslay's ghost, novice OpCj


Innate Abilities, Weirdness & Mutations

You are partially covered in slimy green scales. (AC +2)
A weak demonic guardian rushes to your aid.
You are partially covered in sharp spines.
Your touch may inflict minor irresistible damage on your foes.


Message History

Your +0 leather armour unmelds from your body.
You feel perceptive.
You see here an adder skeleton.
Things that are here:
a +2 trident of venom; a +0 scale mail
Found a ring mail.
You pick up a Trismegistus Codex and begin reading...
You add the spells Ignite Poison, Mephitic Cloud and Freezing Cloud to your library.
Found 2 orange potions.
You now have 173 gold pieces (gained 13).
Things that are here:
a +2 trident of venom; a +0 scale mail
E - 2 orange potions
(D) Dungeon
Where to? (Enter - D:3 @ (x,y), ? - help)
What level of the Dungeon? (default 1, ? - help)
Things that are here:
a +2 trident of venom; a +0 scale mail You see here an adder skeleton.
There is a stone staircase leading up here.
You climb upwards.
Level annotation: 3 runed translucent doors, Manslay's ghost, novice OpCj
There is a stone staircase leading down here.
Things that are here:
a +0 ring mail; a +0 dagger
There is a stone staircase leading up, spattered with blood here.
You climb upwards.
There is a stone staircase leading down here.
You open the door.
There is an open door here.
Things that are here:
4 stones; a +0 dagger
There is an open door here.
There is a stone staircase leading up here.
You climb upwards.
There is a stone staircase leading down here.
You can't go up here!
There is a staircase leading out of the dungeon here.
Are you sure you want to leave the Dungeon?
This will make you lose the game!
You have escaped!

.######.............## #>..#
.##########.......#..# #..##
..........#.......#..###..#
.########.#...........##..#
.# #.##....#.....##..# .#
#####.................#
.####.....................#
...##.##############...#..#
.#..#.##..####..@#.##..#..##
.##.#..###)##....#..#......#
....#..........####.#......#
...............## #........##
...#......#.#...######..#...#
.......#.###..##>#
#......#####
...##.############
#.###.......
...##............# #.#
#....... ...#####.........#
#.# #.......


There were no monsters in sight!

Vanquished Creatures
  A sky beast (D:4)
  A gnoll sergeant (D:4)
  A scorpion (D:4)
  A howler monkey (D:4)
  An orc priest (D:3)
  5 adders
  A worm (D:2)
  3 dart slugs (D:3)
  3 orcs (D:3)
  8 ball pythons
  5 bats
  6 endoplasms
  4 giant cockroaches
  5 goblins
  10 hobgoblins
  3 jackals (D:4)
  2 quokkas (D:2)
  A frilled lizard (D:1)
  12 kobolds
  7 rats
80 creatures vanquished.

Notes
Turn   | Place    | Note
-------+----------+-------------------------------------------
     0 | D:1      | Ashen the Demonspawn Ice Elementalist began the quest for
                  | the Orb.
     0 | D:1      | Reached XP level 1. HP: 13/13 MP: 3/3
   200 | D:1      | Gained mutation: A weak demonic guardian rushes to your
                  | aid. [demonic ancestry]
   200 | D:1      | Reached XP level 2. HP: 16/19 MP: 0/5
   689 | D:1      | Found a faded altar of an unknown god.
  1108 | D:2      | Gained mutation: Your touch may inflict minor irresistible
                  | damage on your foes. [demonic ancestry]
  1108 | D:2      | Reached XP level 3. HP: 22/25 MP: 6/6
  1374 | D:2      | Found a shimmering blue altar of Sif Muna.
  1590 | D:2      | Reached skill level 1 in Fighting
  2110 | D:3      | Reached skill level 4 in Ice Magic
  2110 | D:3      | Gained mutation: You are partially covered in slimy green
                  | scales. (AC +2) [demonic ancestry]
  2110 | D:3      | Reached XP level 4. HP: 11/32 MP: 7/7
  2710 | D:3      | Found a runed translucent gate.
  2710 | D:3      | Found a runed translucent gate.
  2710 | D:3      | Found a runed translucent gate.
  2711 | D:3      | Noticed Manslay's ghost (novice OpCj)
  2810 | D:3      | Found a sparkling altar of Nemelex Xobeh.
  3079 | D:4      | Reached XP level 5. HP: 34/38 MP: 9/9
  3589 | D:4      | Noticed a sky beast
  3601 | D:4      | Gained mutation: You are partially covered in sharp spines.
                  | [demonic ancestry]
  3601 | D:4      | Reached XP level 6. HP: 18/46 MP: 5/10
  3603 | D:4      | Killed a sky beast
  3963 | D:$      | Got out of the dungeon alive.

Illustrated notes

Levels and vault maps discovered:
D:1:      minmay_arrival_jagged, layout_rooms, chequers_ecumenical_altar_simple
D:2:      layout_loops_corners, basic_altar, dk_noncrumbling_3
D:3:      layout_rooms, old_standard_altar, gammafunk_temple_overflow_elements,
          ebering_ghost_rock_garden, moated_statue, hangedman_decor_peaks_small
D:4:      layout_rooms, minmay_small_thing

Skill      XL: |  1  2  3  4  5 |
---------------+----------------+-----
Stealth        | 2 3 |  3.4
Dodging        | 2 3 |  3.2
Fighting       | 1 2 |  2.6
Ice Magic      | 4 |  4.5
Spellcasting   | 3 |  3.3

Action                   |  1- 3 |  4- 6 || total
-------------------------+-------+-------++-------
Melee: Unarmed           |     9 |       ||     9
       Short sword       |     9 |       ||     9
       Rapier            |    40 |       ||    40
       Dagger            |    47 |    80 ||   127
       Touch             |     7 |    13 ||    20
       Punch             |     2 |     2 ||     4
 Cast: Freeze            |    10 |    13 ||    23
  Use: Potion            |       |     3 ||     3
 Stab: Sleeping          |     3 |     2 ||     5
Armor: Robe              |    27 |       ||    27
       Leather armour    |       |    32 ||    32
       Skin              |       |     8 ||     8
Dodge: Dodged            |    81 |    53 ||   134
